 Dungeon Crawl Stone Soup version 0.27-a0-1071-ga85bd9520d (webtiles) character file.

Game seed: 5196844652581511717

5 Anon1729 the Skirmisher (level 1, -1/18 HPs)
             Began as a Demonspawn Monk on Apr 24, 2021.
             Slain by a jackal (2 damage)
             ... on level 1 of the Dungeon.
             The game lasted 00:00:23 (154 turns).

Anon1729 the Skirmisher (Demonspawn Monk)            Turns: 154, Time: 00:00:24

Health: -1/18      AC:  2    Str: 11    XL:     1   Next: 66%
Magic:  1/1        EV: 13    Int: 11    God:
Gold:   0          SH:  0    Dex: 15    Spells: 0/0 levels left

rFire    . . .     SeeInvis .     - Unarmed
rCold    . . .     Faith    .   (no shield)
rNeg     . . .     Spirit   .   a - +0 robe
rPois    .         Reflect  .   (no helmet)
rElec    .         Harm     .   (no cloak)
rCorr    .         Rampage  .   (no gloves)
Will     .....                  (no boots)
Stlth    ++........             (no amulet)
HPRegen  0.06/turn              (no ring)
MPRegen  0.07/turn              (no ring)

@: no status effects
A: no striking features
a: no special abilities


You were on level 1 of the Dungeon.
You visited 1 branch of the dungeon, and saw 1 of its levels.

Inventory:

Missiles
 c - 5 atropa-tipped darts (quivered)
Armour
 a - a +0 robe (worn)
Scrolls
 b - a scroll of identify {unknown}


   Skills:
 + Level 3.1 Fighting
 + Level 2.8 Dodging
 + Level 1.9 Stealth
 + Level 2.8 Unarmed Combat


You couldn't memorise any spells.
You didn't know any spells.
Your spell library was empty.

Dungeon Overview and Level Annotations

Branches:
Dungeon (1/15)

Altars:


Message History

You barely miss the jackal.
The jackal is severely wounded.
The jackal bites you but does no damage.
You hit the jackal.
You kill the jackal!
You barely miss the jackal.
The jackal bites you but does no damage.
You closely miss the jackal. The jackal bites you.
* * * LOW HITPOINT WARNING * * *
Throw: 8 darts (atropa)
Press: ? - help, Q - select action Shift-Dir - straight line, f - jackal
Aim: a jackal (51% to hit, chance to blind on hit: 100%)
You throw an atropa-tipped dart. The atropa-tipped dart hits the jackal.
The jackal appears confused.
The jackal closely misses you.
You hit the jackal but do no damage. The jackal closely misses you.
The jackal is no longer blind.
You completely miss the jackal. The jackal misses you. The jackal misses you.
You see here a hobgoblin corpse.
The jackal closely misses you.
You hit the jackal but do no damage. The jackal misses you.
You closely miss the jackal. The jackal bites you.
* * * LOW HITPOINT WARNING * * *
The jackal bites you but does no damage.
Throw: 7 darts (atropa)
Press: ? - help, Q - select action Shift-Dir - straight line, f/p - jackal
Aim: a jackal (51% to hit, chance to blind on hit: 100%)
You throw an atropa-tipped dart.
The atropa-tipped dart closely misses the jackal.
The atropa-tipped dart barely misses the jackal.
The jackal barely misses you.
Throw: 6 darts (atropa)
Press: ? - help, Q - select action Shift-Dir - straight line, f/p - jackal
Aim: a jackal (51% to hit, chance to blind on hit: 100%)
You throw an atropa-tipped dart. The atropa-tipped dart hits the jackal.
The jackal appears confused.
You hit the jackal but do no damage.
The jackal seems less confused.
The jackal barely misses you. The jackal bites you.
You die...

# .♣♣≈ #. ...
....(.#.. #.
.....#####.#......
#. #.h..(..#.....
#.#. #..##........#
#.#. #..##.###....#
#...
#....h..#....####
#...
##.##h#.##.......
..#. # #@#.....# #.
##.####..##### #.
#............# #.
#######..##.## #.
.........##.# #.
##.###.#....######.
..................
#.##.##>......###.
).........#.#...


You could see 2 jackals.

Vanquished Creatures
  An endoplasm (D:1)
  A hobgoblin (D:1)
  2 jackals (D:1)
4 creatures vanquished.

Notes
Turn   | Place    | Note
-------+----------+-------------------------------------------
     0 | D:1      | Anon1729 the Demonspawn Monk began the quest for the Orb.
     0 | D:1      | Reached XP level 1. HP: 18/18 MP: 1/1
   154 | D:1      | Slain by a jackal

Illustrated notes

Levels and vault maps discovered:
D:1:      eino_arrival_water_cross, layout_basic, serial_bayou_lake_a

Action                   || total
-------------------------++-------
Melee: Unarmed           ||    34
Throw: Dart              ||     3
 Stab: Distracted        ||     1
       Sleeping          ||     1
Armor: Robe              ||     5
Dodge: Dodged            ||    25

Table legend: (Time is in decaauts)
 A = Elapsed time spent in this place.
 B = Non-inter-level travel time spent in this place.
 C = Inter-level travel time spent in this place.
 D = Time resting spent in this place.
 E = Time spent auto-exploring this place.
 F = Levels seen in this place.
 G = Mean time per level.
                   A        B        C        D        E       F      G
               +--------+--------+--------+--------+--------+-----+--------+
         Total |    152 |    152 |      0 |      0 |    102 |   1 |  152.0 |
       Dungeon |    152 |    152 |      0 |      0 |    102 |   1 |  152.0 |
               +--------+--------+--------+--------+--------+-----+--------+

Top non-repeatable levels by time:
     D:1: 152 daAuts
